 Dungeon Crawl Stone Soup version 0.31-a0-667-g39726597b9 (webtiles) character file.

Game seed: 8487669343183718771

3 Xavori the Cutter (level 1, -9/16 HPs)
             Began as an Octopode Chaos Knight on Sept 4, 2023.
             Was a Plaything of Xom.
             Mangled by an unseen horror (shapeshifter) (10 damage)
             ... on level 1 of the Dungeon.
             The game lasted 00:00:09 (188 turns).

Xavori the Cutter (Octopode Chaos Knight)            Turns: 188, Time: 00:00:10

Health: -9/16      AC:  1    Str: 11    XL:     1   Next: 50%
Magic:  1/1        EV: 13    Int: 14    God:    Xom [..*...]
Gold:   20         SH:  0    Dex: 11    Spells: 0/0 levels left

rFire   . . .        a - +0 short sword (chaos)
rCold   . . .        (no shield)
rNeg    . . .        (helmet restricted)
rPois   .            (no amulet)
rElec   .            (no ring)
rCorr   .            (no ring)
SInv    .            (no ring)
Will    .....        (no ring)
Stlth   ++           (no ring)
HPRegen 0.22/turn    (no ring)
MPRegen 0.07/turn    (no ring)
                     (no ring)

%: no passive effects
@: no status effects
A: almost no armour, amphibious, 8 rings, camouflage 1, gelatinous body 1,
(nimble swimmer 1), tentacles
a: Renounce Religion


You were on level 1 of the Dungeon.
You worshipped Xom.
You were a toy of Xom.
You visited 1 branch of the dungeon, and saw 1 of its levels.

You collected 20 gold pieces.

Inventory:

Hand Weapons
 a - a +0 short sword of chaos (weapon)
Jewellery
 d - a +4 ring of protection
Scrolls
 b - a scroll of butterflies
 c - a scroll of poison {unknown}
 e - a scroll of identify {unknown}


   Skills:
 + Level 3.0 Fighting
 + Level 3.0 Short Blades
 + Level 2.5 Dodging


You couldn't memorise any spells.
You didn't know any spells.
Your spell library was empty.

Dungeon Overview and Level Annotations

Branches:
Dungeon (1/15)

Altars:


Innate Abilities, Weirdness & Mutations

You cannot wear most types of armour.
You are amphibious.
You can wear up to eight rings at the same time.
Your skin changes colour to match your surroundings (Stealth+).
Your rubbery body absorbs attacks. (AC +1, EV +1)
((You are camouflaged when in or above water. (Stealth+)))
You have tentacles for arms and can constrict up to eight enemies at once.


Message History

A ball python comes into view.
Found a spear.
The ball python hisses angrily.
There are monsters nearby!
The helpless quokka fails to defend itself.
You hit the quokka.
The quokka changes into a shapeshifter!
Xom is amused.
You grab the shapeshifter. You constrict the shapeshifter.
You lose your grip on the entropy weaver.
The shapeshifter changes into an entropy weaver!
There are monsters nearby!
You hit the entropy weaver but do no damage.
Your grab misses the entropy weaver.
There are monsters nearby!
You barely miss the entropy weaver. You grab the entropy weaver.
You squeeze the entropy weaver!
The entropy weaver is lightly wounded.
You constrict the entropy weaver, but do no damage.
Xom grants you insight.
You detect items!
You lose your grip on the shapeshifter.
The entropy weaver changes into a shapeshifter!
You aren't carrying any potions.
You hit the shapeshifter. You freeze the shapeshifter.
You grab the shapeshifter.
The shapeshifter is lightly wounded.
You constrict the shapeshifter.
You lose your grip on something.
The shapeshifter changes into something you cannot see!
The ball python barely misses you. x2
Unknown command.
You hit the ball python.
You kill the ball python!
Something hits you!
Deactivating autopickup; reactivate with Ctrl-A.
Something hits you but does no damage. Something hits you.
You see here a ball python corpse.
You miss something. Your squeeze misses something. Something hits you.
* * * LOW HITPOINT WARNING * * *
Something hits you!
Ouch! That really hurt!
You die...

### ############# #..
#.).....(...# ########..
#...........# #.........
#......@....###.........
........†...'.......)...
............#.......####
............#.......#
............#.......# ∆
............#.......#
............#.......#
..#####+#####.......#
#)......#


There were no monsters in sight!

Vanquished Creatures
  A goblin (D:1)
  A kobold (D:1)
  A ball python (D:1)
3 creatures vanquished.

Notes
Turn   | Place    | Note
-------+----------+-------------------------------------------
     0 | D:1      | Xavori the Octopode Chaos Knight began the quest for the
                  | Orb.
     0 | D:1      | Reached XP level 1. HP: 16/16 MP: 1/1
   181 | D:1      | a quokka changed into a shapeshifter
   181 | D:1      | Noticed a shapeshifter (shapeshifter)
   181 | D:1      | a shapeshifter changed into an entropy weaver
   181 | D:1      | Noticed an entropy weaver (shapeshifter)
   183 | D:1      | XOM: divination: detect items
   183 | D:1      | an entropy weaver changed into a shapeshifter
   183 | D:1      | Noticed a shapeshifter (shapeshifter)
   184 | D:1      | a shapeshifter changed into something unseen
   188 | D:1      | Mangled by an unseen horror (shapeshifter)

Illustrated notes

Levels and vault maps discovered:
D:1:      lemuel_arrival_lava_pool, layout_basic, serial_shops, shop,
          minmay_tetromino_o4

Action                     || total
---------------------------++-------
  Melee: Short sword       ||     8
         Constrict         ||     4
         Tentacles         ||     1
   Stab: Sleeping          ||     2
 Armour: Skin              ||     6
  Dodge: Dodged            ||     2

Table legend: (Time is in decaauts)
 A = Elapsed time spent in this place.
 B = Non-inter-level travel time spent in this place.
 C = Inter-level travel time spent in this place.
 D = Time resting spent in this place.
 E = Time spent auto-exploring this place.
 F = Levels seen in this place.
 G = Mean time per level.
                   A        B        C        D        E       F      G
               +--------+--------+--------+--------+--------+-----+--------+
         Total |    186 |    186 |      0 |      0 |    157 |   1 |  186.0 |
       Dungeon |    186 |    186 |      0 |      0 |    157 |   1 |  186.0 |
               +--------+--------+--------+--------+--------+-----+--------+

Top non-repeatable levels by time:
     D:1: 186 daAuts
